 Dungeon Crawl Stone Soup version 0.19-a0-994-g3c636f0 (webtiles) character file.

47 4thArraOfDagon the Firebug (level 3, 0/19 HPs)
             Began as a Deep Elf Fire Elementalist on July 17, 2016.
             Slain by a phantom (8 damage)
             ... on level 5 of the Dungeon.
             The game lasted 00:03:20 (527 turns).

4thArraOfDagon the Firebug (DEFE)                    Turns: 527, Time: 00:03:20

Health: 0/19       AC:  2    Str:  5    XL:     3   Next: 48%
Magic:  3/9        EV: 13    Int: 20    God:
Gold:   40         SH:  0    Dex: 15    Spells: 2 memorised, 4 levels left

rFire  . . .     SeeInvis .     f - +0 short sword
rCold  . . .     Gourm    .     a - +0 robe
rNeg   + . .     Faith    .     (no shield)
rPois  .         Spirit   .     (no helmet)
rElec  .         Dismiss  .     (no cloak)
rCorr  .         Reflect  .     (no gloves)
SustAt .         Harm     .     (no boots)
MR     .....                    (no amulet)
Stlth  ++........               (no ring)
                                h - ring of positive energy

@: not resistant to hostile enchantments, unstealthy
A: no striking features
a: no special abilities


You were on level 5 of the Dungeon.
You were not hungry.

You visited 1 branch of the dungeon, and saw 5 of its levels.

You collected 40 gold pieces.

Inventory:

Hand Weapons
 f - a +0 short sword (weapon)
Armour
 a - a +0 robe (worn)
Jewellery
 h - a ring of positive energy (left hand)
Scrolls
 e - 2 scrolls of blinking {unknown}
 i - a scroll of teleportation
Potions
 d - a potion of curing
Books
 b - a book of Flames

   Spells                             Type                      Level
   a - Flame Tongue                   Conjuration/Fire             1
   b - Throw Flame                    Conjuration/Fire             2
   c - Conjure Flame                  Conjuration/Fire             3
   d - Inner Flame                    Hexes/Fire                   3
   e - Sticky Flame                   Conjuration/Fire             4
   f - Fireball                       Conjuration/Fire             5
Comestibles
 c - a bread ration
 k - a meat ration


   Skills:
 - Level 2.4 Dodging
 - Level 2.4 Stealth
 + Level 3.3 Spellcasting
 * Level 2.8 Conjurations
 * Level 4.0 Fire Magic


You had 4 spell levels left.
You knew the following spells:

 Your Spells              Type           Power        Failure   Level  Hunger
a - Flame Tongue          Conj/Fire      ###..        3%          1    None
b - Conjure Flame         Conj/Fire      ###.....     12%         3    ###....


Dungeon Overview and Level Annotations

Branches:
Dungeon (5/15)
 Temple: D:4-7

Altars:
Cheibriados
Elyvilon

Annotations:
D:3 Grinder
D:4 p0werm0de's ghost, amateur DsVM


Message History

Casting: Flame Tongue
Confirm with . or Enter, or press ? or * to list all spells.
You can't see any susceptible monsters within range! (Use Z to cast anyway.) Unknown command.
Casting: Flame Tongue
Confirm with . or Enter, or press ? or * to list all spells.
Aiming: Flame Tongue
Press: ? - help, Shift-Dir - straight line, f/p - phantom
Aim: a phantom (almost destroyed)
The flame tongue hits the phantom.
The phantom appears unharmed.
The phantom is almost destroyed.
Casting: Flame Tongue
Confirm with . or Enter, or press ? or * to list all spells.
Aiming: Flame Tongue
Press: ? - help, Shift-Dir - straight line, f/p - phantom
Aim: a phantom (almost destroyed)
The flame tongue hits the phantom.
The phantom appears unharmed.
The phantom is almost destroyed.
The phantom hits you!
You die...

****** ##########
*****,,,,, #........#
*,,,,,,,,, #....<...#
*,*,,,,,*, #........#
*,,,,,,,,, #####'########
*,*,⌠,⌠,*, #.# #....#
*,,,,,,,,, #†###.##@#
#.#,,...*, #......#W#
#..,._..., ###....#.#
#.#,....#, ###.##.#
#.W......, ####.....#
#.#.⌠.⌠.#, #....##..#
#........,
#.#####..#######.#.....#,
#>..................[...,
#.......................,


You could see a phantom.

Vanquished Creatures
  A worker ant (D:5)
  4 bats (D:2)
  2 giant cockroaches
  2 goblins
  2 hobgoblins
  3 jackals (D:2)
  4 kobolds
  A quokka (D:4)
  2 giant newts (D:2)
21 creatures vanquished.

Notes
Turn   | Place    | Note
-------+----------+-------------------------------------------
     0 | D:1      | 4thArraOfDagon the Deep Elf Fire Elementalist began the quest for the Orb.
     0 | D:1      | Reached XP level 1. HP: 10/10 MP: 6/6
   104 | D:2      | Reached XP level 2. HP: 12/15 MP: 4/8
   276 | D:3      | Found a snail-covered altar of Cheibriados.
   284 | D:3      | Noticed Grinder
   326 | D:5      | Entered Level 5 of the Dungeon
   362 | D:4      | Noticed p0werm0de's ghost (amateur DsVM)
   425 | D:4      | WHY
   454 | D:5      | Reached skill level 4 in Fire Magic
   454 | D:5      | Reached XP level 3. HP: 13/19 MP: 2/9
   459 | D:5      | Learned a level 3 spell: Conjure Flame
   476 | D:5      | Found a white marble altar of Elyvilon.
   477 | D:5      | Noticed a phantom
   527 | D:5      | Slain by a phantom

Vault maps used:
D:1:      saegor_arrival_simple_f, minivault_11
D:2:      first_bread, uniq_natasha
D:3:      marbit_many_paths, nicolae_overflow_quartered_altars,
          lemuel_crystal_altar, cheibriados_altar_1, uniq_grinder
D:4:      trog_three_pillars_becter
D:5:      nicolae_dithmenos_through_a_glass_darkly, elyvilon_altar_5,
          nicolae_ru_sacrificial_ziggurat, serial_shops, shop,
          serial_park_tiny_1

Skill      XL: |  1  2 |
---------------+-------+-----
Conjurations   | 2 |  2.8
Fire Magic     | 4 |  4.0
Dodging        | |  2.4
Stealth        | |  2.4
Spellcasting   | |  3.3

Action                   || total
-------------------------++-------
Melee: Short sword       ||    17
 Cast: Flame Tongue      ||    42
  Use: Scroll            ||     3
Armor: Robe              ||    13
Dodge: Dodged            ||    28
